 Dungeon Sprint DCSS version 0.31-a0-765-g67fe2935dc (webtiles) character file.

Game seed: 8204992158978646874

6363 Conn the Eclecticist (level 10, -1/60 HPs)
             Began as an Octopode Fire Elementalist on Sept 16, 2023.
             Was a High Priest of Sif Muna.
             Slain by a Brimstone Fiend (12 damage)
             ... summoned by a deep elf demonologist
             ... in the Dungeon (Sprint III: "The Ten Rune Challenge").
             The game lasted 00:20:15 (1911 turns).

Conn the Eclecticist (Octopode Fire Elementalist)   Turns: 1911, Time: 00:20:16

Health: -1/60      AC:  2    Str:  6    XL:     10   Next: 97%
Magic:  0/29       EV: 15    Int: 25    God:    Sif Muna [*****.]
Gold:   2859       SH:  0    Dex: 13    Spells: 20/40 levels left

rFire   . . .        f - +1 dagger (protect)
rCold   . . .        (no shield)
rNeg    . . .        (helmet restricted)
rPois   .            (no amulet)
rElec   .            (no ring)
rCorr   .            (no ring)
SInv    .            (no ring)
Will    +....        (no ring)
Stlth   ++++         (no ring)
HPRegen 0.30/turn    (no ring)
MPRegen 0.21/turn    (no ring)
                     (no ring)

%: no teleportation
@: no status effects
A: almost no armour, amphibious, 8 rings, camouflage 1, gelatinous body 1,
(nimble swimmer 1), tentacles, clever 1, strong-willed 1, shaggy fur 1,
MP-powered wands
a: Renounce Religion, Channel Magic, Forget Spell, Divine Exegesis


You were in the Dungeon.
You worshipped Sif Muna.
Sif Muna was extremely pleased with you.
You visited 1 branch You collected 2859 gold pieces.

Inventory:

Hand Weapons
 f - a +1 dagger of protection (weapon)
 l - a +0 dagger
 m - a +2 long sword of holy wrath
Wands
 n - a wand of flame (25)
 o - a wand of roots (6)
Scrolls
 g - 2 scrolls of identify
Potions
 a - 2 potions of magic
 b - 3 potions of curing
 e - a potion of mutation


   Skills:
 + Level 1.6 Fighting
 + Level 6.6 Dodging
 - Level 5.1 Stealth
 * Level 15.6 Spellcasting
 * Level 9.9 Conjurations
 + Level 1.3 Hexes
 * Level 4.7 Summonings
 - Level 5.3 Translocations
 + Level 13.5 Fire Magic
 + Level 1.7 Ice Magic
 + Level 0.6 Air Magic
 + Level 0.4 Evocations


You had 20 spell levels left.
You knew the following spells:

 Your Spells              Type           Power      Damage    Failure   Level
a - Foxfire               Conj/Fire      100%       2x1d9     1%          1
b - Scorch                Fire           100%       2d9       0%          2
c - Inner Flame           Hex/Fire       54%        N/A       1%          3
d - Flame Wave            Conj/Fire      67%        2d15      1%          4
e - Blink                 Tloc           92%        N/A       1%          2
f - Summon Ice Beast      Ice/Summ       35%        N/A       7%          4
g - Summon Lightning Spi  Summ/Air       33%        N/A       9%          4

Your spell library contained the following spells:

 Spells                   Type           Power      Damage    Failure   Level
 Lesser Beckoning         Tloc           92%        N/A       1%          2
 Momentum Strike          Conj/Tloc      100%       3d10      1%          2
 Dazzling Flash           Conj/Hex       94%        N/A       1%          3
 Volatile Blastmotes      Fire/Tloc      100%       2d18      1%          3
 Dimensional Bullseye     Hex/Tloc       18%        N/A       7%          4
 Summon Mana Viper        Hex/Summ       34%        N/A       22%         5
 Animate Dead             Necr           19%        N/A       28%         4
 Dispel Undead            Necr           19%        3d11      28%         4
 Petrify                  Tmut/Erth      19%        N/A       28%         4
 Silence                  Hex/Air        12%        N/A       45%         5
 Agony                    Necr           19%        N/A       61%         5
 Monstrous Menagerie      Summ           21%        N/A       97%         7


Dungeon Overview and Level Annotations

Branches:
Dungeon (1/1)

Altars:
Cheibriados
Dithmenos
Elyvilon
Fedhas
Gozag
Hepliaklqana
Kikubaaqudgha
Makhleb
Nemelex Xobeh
Okawaru
Qazlal
Ru
Sif Muna
Trog
Uskayaw
Vehumet
Wu Jian
Xom
Yredelemnul
Zin
The Shining One
Jiyva
Lugonu

Shops:
D (


Innate Abilities, Weirdness & Mutations

You cannot wear most types of armour.
You are amphibious.
You can wear up to eight rings at the same time.
Your skin changes colour to match your surroundings (Stealth+).
Your rubbery body absorbs attacks. (AC +1, EV +1)
((You are camouflaged when in or above water. (Stealth+)))
You have tentacles for arms and can constrict up to eight enemies at once.
Your mind is acute. (Int +4, Str/Dex -1)
You are strong-willed. (Will+)
You are covered in fur. (AC +1)
You expend magic power (3 MP) to strengthen your wands.


Message History

Unknown command.
Unknown command.
Unknown command.
Your foxfire dissipates!
A deep elf zephyrmancer comes into view.
It is wearing a +2 robe of cold resistance.
The foxfire hits the Brimstone Fiend but does no damage.
Unknown command.
Aiming: Fastroot
Press: ? - help, Shift-Dir - straight line, p - Brimstone Fiend The roots erupt in riotous growth!
Roots grab the deep elf demonologist.
The deep elf zephyrmancer shouts!
The grasping roots constrict the deep elf demonologist.
Flame seeps out of the deep elf demonologist.
You hear a loud rustle.
The deep elf zephyrmancer gestures wildly while chanting.
The deep elf zephyrmancer blinks!
The deep elf demonologist is engulfed in blazing flames.
Sif Muna accepts your kill.
The deep elf demonologist explodes!
The Brimstone Fiend hits you! The Brimstone Fiend hits you.
The Brimstone Fiend hits you!
Unknown command.
Unknown command.
Press: ? - help, v - describe, . - travel The floor.
Unknown command.
Unknown command.
Unknown command.
Casting: Foxfire (safe; 1% risk of failure)
Confirm with . or Enter, or press ? or * to list all spells.
Okay, then.
Unknown command.
Unknown command.
You fail to use your ability.
The Brimstone Fiend hits you!
* * * LOW HITPOINT WARNING * * *
The Brimstone Fiend hits you!
* * * LOW HITPOINT WARNING * * *
The Brimstone Fiend hits you!
You die...

▓▓▓▓ ###..# ############
### __#.#####.#..'.#...#
...'
._#.........##.#...##§≈§≈#
)##))......###.#...≈≈○○§..
.)#)))).....##.#@e.##≈
..#.)∩#.##..##.'1..#
#'#)))#.##.#.#######
..#'###########
).#.)..#.#.#..
..##.#..#.##.#
..'##.#.#.##.#
..#...#..#.O#
▓▓▓▓▓▓▓▓▓▓▓▓▓


You could see a Brimstone Fiend (summoned) and a deep elf zephyrmancer.

Vanquished Creatures
  A deep elf demonologist (D)
  A deep elf death mage (D)
  A deep elf knight (D)
  3 deep elf pyromancers (D)
  2 deep elf zephyrmancers (D)
  An orc knight (D)
  An orc sorcerer (D)
  A shadow (D)
  An orc warrior (D)
  4 two-headed ogres (D)
  A water elemental (D)
  A necrophage (D)
  A scorpion (D)
  6 orc priests (D)
  A jelly (D)
  A wizard (D)
  2 orc wizards (D)
  A necromancer (D)
  3 humans (D)
  A kobold demonologist (D)
  7 orcs (D)
  2 endoplasms (D)
  2 rats (D)
45 creatures vanquished.

Vanquished Creatures (others)
  63 foxfires (D)
63 creatures vanquished.

Grand Total: 108 creatures vanquished

Notes
Turn   | Place    | Note
-------+----------+-------------------------------------------
     0 | D        | Conn the Octopode Fire Elementalist began the quest for the
                  | Orb.
     0 | D        | Reached XP level 1. HP: 11/11 MP: 3/3
   150 | D        | Noticed a scorpion
   163 | D        | Killed a scorpion
   164 | D        | Reached skill level 4 in Spellcasting
   164 | D        | Reached skill level 5 in Fire Magic
   164 | D        | Reached XP level 2. HP: 10/17 MP: 0/7
   164 | D        | Reached XP level 3. HP: 13/21 MP: 0/8
   164 | D        | Reached XP level 4. HP: 17/27 MP: 0/10
   269 | D        | Learned a level 2 spell: Scorch
   273 | D        | Learned a level 3 spell: Inner Flame
   278 | D        | Learned a level 4 spell: Flame Wave
   281 | D        | Noticed a water elemental
   284 | D        | Killed a water elemental
   285 | D        | Reached skill level 5 in Spellcasting
   285 | D        | Reached XP level 5. HP: 31/31 MP: 7/13
   337 | D        | Found a radiant altar of Vehumet.
   337 | D        | Found a shimmering blue altar of Sif Muna.
   337 | D        | Found an ancient bone altar of Kikubaaqudgha.
   340 | D        | Reached skill level 5 in Stealth
   340 | D        | Reached skill level 6 in Spellcasting
   341 | D        | Noticed a rust devil
   355 | D        | Became a worshipper of Sif Muna the Loreminder
   366 | D        | Learned a level 2 spell: Blink
   393 | D        | Found a glowing silver altar of Zin.
   393 | D        | Found a glowing golden altar of the Shining One.
   393 | D        | Found a white marble altar of Elyvilon.
   394 | D        | Noticed a deep elf pyromancer
   398 | D        | Killed a deep elf pyromancer
   399 | D        | Reached skill level 5 in Dodging
   399 | D        | Reached skill level 8 in Spellcasting
   399 | D        | Reached XP level 6. HP: 27/37 MP: 5/17
   399 | D        | Reached XP level 7. HP: 31/42 MP: 5/19
   488 | D        | Found a hide-covered altar of Uskayaw.
   488 | D        | Found an iron altar of Okawaru.
   488 | D        | Found a bloodstained altar of Trog.
   488 | D        | Found an ornate altar of the Wu Jian Council.
   488 | D        | Noticed a human
   488 | D        | Noticed a human
   496 | D        | Killed a human
   497 | D        | Reached skill level 9 in Spellcasting
   497 | D        | Reached skill level 1 in Translocations
   497 | D        | Reached skill level 10 in Fire Magic
   497 | D        | Killed a human
   497 | D        | Reached * piety under Sif Muna
   498 | D        | Reached skill level 1 in Fighting
   498 | D        | Reached XP level 8. HP: 12/48 MP: 5/21
   647 | D        | Found a basalt altar of Yredelemnul.
   647 | D        | Found a shadowy altar of Dithmenos.
   647 | D        | Found a sacrificial altar of Ru.
   723 | D        | Reached ** piety under Sif Muna
   724 | D        | Reached skill level 10 in Spellcasting
   724 | D        | Noticed a shadow
   728 | D        | Killed a shadow
   785 | D        | Found a blossoming altar of Fedhas.
   785 | D        | Found a stormy altar of Qazlal.
   786 | D        | Found a snail-covered altar of Cheibriados.
   786 | D        | Found a burning altar of Makhleb.
   786 | D        | Found a hazy altar of Hepliaklqana.
   786 | D        | Found a shimmering altar of Xom.
   786 | D        | Found an opulent altar of Gozag.
   786 | D        | Found a sparkling altar of Nemelex Xobeh.
   786 | D        | Found a corrupted altar of Lugonu.
   786 | D        | Found a viscous altar of Jiyva.
   904 | D        | Gained mutation: One of your tentacles bears a spike.
                  | [potion of mutation]
   904 | D        | Gained mutation: Your spells are a little easier to cast,
                  | but a little less powerful. [potion of mutation]
   905 | D        | Lost mutation: Your spells are a little easier to cast, but
                  | a little less powerful. [potion of mutation]
   905 | D        | Lost mutation: One of your tentacles bears a spike. [potion
                  | of mutation]
   905 | D        | Gained mutation: You have hidden genetic defects. [potion
                  | of mutation]
   905 | D        | Gained mutation: Your muscles are strong. (Str +4, Int/Dex
                  | -1) [potion of mutation]
   905 | D        | Lost mutation: Your muscles are strong. (Str +4, Int/Dex
                  | -1) [potion of mutation]
   906 | D        | Lost mutation: You have hidden genetic defects. [potion of
                  | mutation]
   906 | D        | Gained mutation: You expend magic power (3 MP) to
                  | strengthen your wands. [potion of mutation]
   906 | D        | Gained mutation: Your mind is acute. (Int +4, Str/Dex -1)
                  | [potion of mutation]
   906 | D        | Gained mutation: You have hidden genetic potential. [potion
                  | of mutation]
  1012 | D        | Reached *** piety under Sif Muna
  1087 | D        | Noticed a two-headed ogre
  1111 | D        | Killed a two-headed ogre
  1112 | D        | Reached skill level 11 in Spellcasting
  1112 | D        | Reached XP level 9. HP: 20/53 MP: 9/24
  1236 | D        | Found Acsoumy's Antique Weapon Emporium.
  1236 | D        | Noticed an orc sorcerer
  1237 | D        | Noticed a rust devil
  1239 | D        | Noticed an orc knight
  1248 | D        | Killed an orc sorcerer
  1249 | D        | Reached skill level 12 in Spellcasting
  1251 | D        | Reached **** piety under Sif Muna
  1251 | D        | Reached ***** piety under Sif Muna
  1251 | D        | Received a gift from Sif Muna
  1251 | D        | Killed an orc knight
  1252 | D        | Reached skill level 13 in Spellcasting
  1252 | D        | Reached skill level 5 in Translocations
  1263 | D        | Gained mutation: You are strong-willed. (Will+) [hidden
                  | potential]
  1375 | D        | Got Sif Muna's Fundamentals of Spellweaving {god gift}
  1391 | D        | Learned a level 4 spell: Summon Ice Beast
  1396 | D        | Learned a level 4 spell: Summon Lightning Spire
  1455 | D        | Noticed a deep elf pyromancer
  1455 | D        | Noticed a deep elf zephyrmancer
  1455 | D        | Noticed a deep elf zephyrmancer
  1455 | D        | Noticed a deep elf knight
  1455 | D        | Noticed a deep elf pyromancer
  1494 | D        | Killed a deep elf zephyrmancer
  1494 | D        | Received a gift from Sif Muna
  1495 | D        | Reached skill level 1 in Summonings
  1587 | D        | Killed a deep elf knight
  1588 | D        | Reached skill level 14 in Spellcasting
  1588 | D        | Reached XP level 10. HP: 59/59 MP: 10/28
  1650 | D        | Killed a deep elf pyromancer
  1650 | D        | Killed a deep elf pyromancer
  1651 | D        | Gained mutation: You are covered in fur. (AC +1) [hidden
                  | potential]
  1651 | D        | Lost mutation: You have hidden genetic potential. [hidden
                  | potential expressed]
  1708 | D        | Killed a deep elf zephyrmancer
  1709 | D        | Reached skill level 1 in Ice Magic
  1813 | D        | Noticed a deep elf demonologist
  1814 | D        | Noticed a deep elf high priest
  1818 | D        | Noticed an orange demon
  1890 | D        | Noticed a deep elf death mage
  1893 | D        | Noticed a deep elf blademaster
  1899 | D        | Killed a deep elf death mage
  1900 | D        | Reached skill level 15 in Spellcasting
  1900 | D        | Reached skill level 1 in Hexes
  1903 | D        | Noticed a Brimstone Fiend
  1909 | D        | Noticed a deep elf zephyrmancer
  1910 | D        | Killed a deep elf demonologist
  1911 | D        | Slain by a Brimstone Fiend

Illustrated notes

Levels and vault maps discovered:
D:        dungeon_sprint_mu [sprint_mu_entry_cave, sprint_mu_temple_rooms,
          sprint_mu_d1_spiders, sprint_mu_d2_genie, sprint_mu_d3_branching,
          sprint_mu_orc_legion, sprint_mu_elf_gauntlet, sprint_mu_hive_nellie,
          sprint_mu_lair_fedhas, sprint_mu_vaults_butterflies,
          sprint_mu_slime_circle, sprint_mu_swamp_cave, sprint_mu_snake_twists,
          sprint_mu_blade_basic, sprint_mu_crypt_lich, sprint_mu_tomb_spiral,
          sprint_mu_vestibule_basic, sprint_mu_gehenna_hellfire,
          sprint_mu_dis_giant, sprint_mu_tartarus_statrot,
          sprint_mu_cocytus_islands, sprint_mu_zot1]

Skill      XL: |  1  2  3  4  5  6  7  8  9 10 |
---------------+-------------------------------+-----
Stealth        | 4 5 |  5.1
Dodging        | 3 5 6 |  6.6
Spellcasting   | 4 5 8 9 11 14 15 | 15.6
Conjurations   | 2 3 6 7 8 9 |  9.9
Fire Magic     | 5 6 9 10 11 12 13 | 13.5
Translocations | 2 4 5 |  5.3
Fighting       | 1 |  1.6
Summonings     | 2 4 |  4.7
Ice Magic      | 1 |  1.7
Hexes          | 1 |  1.3
Air Magic      | |  0.6
Evocations     | |  0.4

Action                     |  1- 3 |  4- 6 |  7- 9 | 10-12 || total
---------------------------+-------+-------+-------+-------++-------
  Melee: Unarmed           |     9 |     9 |       |       ||    18
         Tentacles         |     2 |     1 |       |       ||     3
         Constrict         |     1 |     1 |       |       ||     2
   Cast: Foxfire           |     9 |     4 |     9 |    20 ||    42
         Scorch            |       |     4 |    25 |     3 ||    32
         Flame Wave        |       |     3 |     8 |     1 ||    12
         Blink             |       |       |     6 |       ||     6
         Inner Flame       |       |       |     3 |     5 ||     8
         Summon Lightning  |       |       |     1 |     3 ||     4
         Summon Ice Beast  |       |       |     1 |       ||     1
  Evoke: Wand              |       |       |     1 |     2 ||     3
    Use: Potion            |     1 |     1 |     7 |       ||     9
         Scroll            |       |       |     4 |       ||     4
 Armour: Skin              |     2 |     9 |    18 |     6 ||    35
  Dodge: Dodged            |     5 |     6 |     9 |     1 ||    21

Table legend: (Time is in decaauts)
 A = Elapsed time spent in this place.
 B = Non-inter-level travel time spent in this place.
 C = Inter-level travel time spent in this place.
 D = Time resting spent in this place.
 E = Time spent auto-exploring this place.
 F = Levels seen in this place.
 G = Mean time per level.
                   A        B        C        D        E       F      G
               +--------+--------+--------+--------+--------+-----+--------+
         Total |   1895 |   1895 |      0 |   1173 |      9 |   1 | 1895.0 |
       Dungeon |   1895 |   1895 |      0 |   1173 |      9 |   1 | 1895.0 |
               +--------+--------+--------+--------+--------+-----+--------+

Top non-repeatable levels by time:
       D: 1895 daAuts
